 Dungeon Crawl Stone Soup version 0.25.0-11-g1f837a76a1 (webtiles) character file.

Game seed: 6557024515337564921

25 Flugkiller the Sneak (level 2, 0/13 HPs)
             Began as a Spriggan Enchanter on June 26, 2020.
             Slain by a leopard gecko (3 damage)
             ... on level 3 of the Dungeon.
             The game lasted 00:03:56 (1189 turns).

Flugkiller the Sneak (Spriggan Enchanter)           Turns: 1189, Time: 00:03:56

Health: 0/13       AC:  2    Str:  4    XL:     2   Next: 86%
Magic:  1/6        EV: 18    Int: 16    God:
Gold:   48         SH:  0    Dex: 16    Spells: 3/6 levels left

rFire    . . .     SeeInvis +   a - +1 dagger
rCold    . . .     Gourm    .   (shield restricted)
rNeg     . . .     Faith    .   b - +0 robe
rPois    .         Spirit   .   (helmet restricted)
rElec    .         Reflect  .   (no cloak)
rCorr    .         Harm     .   (gloves unavailable)
MR       .....                  (boots unavailable)
Stlth    +++.......             (no amulet)
HPRegen  0.04/turn              (no ring)
MPRegen  0.10/turn              (no ring)

@: very quick
A: very small, unfitting armour, see invisible, herbivore, speed 3, slow
metabolism 2
a: no special abilities


You were on level 3 of the Dungeon.
You were not hungry.

You visited 1 branch of the dungeon, and saw 3 of its levels.

You collected 48 gold pieces.

Inventory:

Hand Weapons
 a - a +1 dagger (weapon)
Armour
 b - a +0 robe (worn)
Scrolls
 e - 3 scrolls of identify
 f - 2 scrolls of teleportation {unknown}
 g - 2 scrolls of noise {unknown}
Comestibles
 d - 3 rations


   Skills:
 - Level 1.1 Short Blades
 - Level 3.0 Dodging
 + Level 6.3 Stealth
 - Level 2.6 Spellcasting
 - Level 3.6 Hexes


You had 3 spell levels left.
You knew the following spells:

 Your Spells              Type           Power        Failure   Level  Hunger
a - Corona                Hex            ##.....      4%          1    #......
b - Ensorcelled Hibernat  Hex/Ice        #.....       14%         2    ##.....

Your spell library contained the following spells:

 Spells                   Type           Power        Failure   Level  Hunger
 Confusing Touch          Hex            ##......     13%         3    ###....
 Tukima's Dance           Hex            ##......     13%         3    ###....
 Dazzling Flash           Conj/Hex       #.....       28%         3    ###....


Dungeon Overview and Level Annotations

Branches:
Dungeon (3/15)

Altars:
Makhleb
Sif Muna
Vehumet

Annotations:
D:2 Robin


Innate Abilities, Weirdness & Mutations

You are very small and have problems with some larger weapons.
You are too small for most types of armour.
You have supernaturally acute eyesight. (SInv)
You are a herbivore.
You cover ground extremely quickly.
You need to consume almost no food.


Message History

Confirm with . or Enter, or press ? or * to list all spells.
You don't have enough magic to cast that spell.
You hit the adder.
The adder is moderately wounded.
The adder bites you. The adder misses you.
You barely miss the adder.
The adder is moderately wounded.
The adder misses you.
A leopard gecko comes into view.
The leopard gecko hisses angrily.
The leopard gecko bites you but does no damage.
You closely miss the leopard gecko. The leopard gecko barely misses you.
Your magical contamination has completely faded away.
Casting: Ensorcelled Hibernation (safe; 14% risk of failure)
Confirm with . or Enter, or press ? or * to list all spells.
Aiming: Ensorcelled Hibernation (safe; 14% risk of failure)
Press: ? - help, Shift-Dir - straight line, f/p - adder
Aim: an adder (lightly wounded, chance to defeat MR: 48%)
The adder resists with some effort.
The adder misses you. The leopard gecko misses you.
It was a potion of heal wounds.
You feel much better. The adder completely misses you.
The leopard gecko bites you. The adder closely misses you.
You closely miss the adder.
The adder is lightly wounded.
The leopard gecko closely misses you. The adder misses you.
You miss the adder.
The adder is lightly wounded.
The leopard gecko barely misses you. The adder closely misses you.
The leopard gecko barely misses you.
You hit the adder.
The adder is heavily wounded.
The adder closely misses you. The leopard gecko closely misses you.
You hit the adder but do no damage.
The adder is heavily wounded.
The adder bites you.
The leopard gecko completely misses you.
You closely miss the adder.
The adder is heavily wounded.
The adder closely misses you. The leopard gecko closely misses you.
The adder bites you.
* * * LOW HITPOINT WARNING * * *
You closely miss the adder.
The adder is moderately wounded.
The leopard gecko misses you. The adder bites you.
* * * LOW HITPOINT WARNING * * *
You closely miss the adder.
The adder is moderately wounded.
The leopard gecko bites you.
You die...

##### . ...# ..
####.#######
...##...w..†...#
......##.#####.###
#..##.##.# #wS.#
...##S##?# ###@#
#.......# #l#
#[...<..# #.#
#...w...# #.#
#.....)..# #.#
#......#.# ..#
#......._.. ###
#......#.#...
########...#.


You could see a worm, an adder and a leopard gecko.

Vanquished Creatures
  An ooze (D:1)
  4 goblins
  3 jackals (D:2)
  4 bats
  2 frilled lizards
  6 kobolds
  2 rats (D:2)
22 creatures vanquished.

Notes
Turn   | Place    | Note
-------+----------+-------------------------------------------
     0 | D:1      | Flugkiller the Spriggan Enchanter began the quest for the
                  | Orb.
     0 | D:1      | Reached XP level 1. HP: 9/9 MP: 5/5
   164 | D:1      | Reached skill level 5 in Stealth
   294 | D:1      | Reached XP level 2. HP: 13/13 MP: 4/6
   298 | D:1      | Learned a level 2 spell: Ensorcelled Hibernation
   496 | D:2      | Found a burning altar of Makhleb.
   645 | D:2      | Found a shimmering blue altar of Sif Muna.
   692 | D:2      | Reached skill level 6 in Stealth
   969 | D:2      | Noticed Robin
  1149 | D:3      | Found a radiant altar of Vehumet.
  1189 | D:3      | Slain by a leopard gecko

Illustrated notes

Levels and vault maps discovered:
D:1:      evilmike_arrival_home_sweet_home, layout_basic
D:2:      layout_basic, lemuel_round_altar, led_sif_pool, first_ration,
          uniq_robin
D:3:      layout_loops_cross, lemuel_coloured_pillars_altar,
          lemuel_crystal_altar, grunt_gozag_statues

Skill      XL: |  1  2 |
---------------+-------+-----
Stealth        | 5 6 |  6.3
Short Blades   | |  1.1
Dodging        | |  3.0
Spellcasting   | |  2.6
Hexes          | |  3.6

Action                   || total
-------------------------++-------
Melee: Dagger            ||    53
 Cast: Corona            ||     1
       Ensorcelled Hiber ||    18
  Use: Scroll            ||     1
       Potion            ||     1
 Stab: Sleeping          ||    14
       Distracted        ||     1
Armor: Robe              ||    12
Dodge: Dodged            ||    77
